 Dungeon Crawl Stone Soup version 0.20.1-1-g8b1a95d (webtiles) character file.

11611 robertstho the Cleaver (level 11, -4/69 HPs)
             Began as a Gargoyle Fighter on Nov 13, 2017.
             Was a Believer of the Shining One.
             Slain by a porcupine (6 damage)
             ... on level 10 of the Dungeon.
             The game lasted 00:28:45 (8693 turns).

robertstho the Cleaver (Gargoyle Fighter)           Turns: 8693, Time: 00:28:45

Health: -4/69      AC: 23    Str: 22    XL:     11   Next: 80%
Magic:  20/20      EV:  6    Int: 13    God:    the Shining One [**....]
Gold:   559        SH: 11    Dex: 11    Spells: 10/10 levels left

rFire    + . .     SeeInvis .   o - +7 mace "Forasm" {crush, rC+ Int+3}
rCold    + . .     Gourm    .   c - +0 shield
rNeg     + + .     Faith    .   I - +0 plate armour
rPois    ∞         Spirit   .   j - +1 helmet
rElec    +         Reflect  .   (no cloak)
rCorr    .         Harm     .   (no gloves)
MR       .....                  (no boots)
Stlth    ..........             (no amulet)
Regen    0.3/turn               q - ring of protection from fire
MPRegen  0.2/turn               s - ring of Rocien {MP+9 Int+2}

@: glowing
A: negative energy resistance 1, electricity resistance, unbreathing,
petrification resistance, rot immunity, AC +7
a: Divine Shield, Renounce Religion


You were on level 10 of the Dungeon.
You worshipped the Shining One.
The Shining One was pleased with you.
You were hungry.

You visited 2 branches of the dungeon, and saw 12 of its levels.

You collected 559 gold pieces.

Inventory:

Hand Weapons
 a - a +1 war axe
 o - the +7 mace "Forasm" (weapon) {crush, rC+ Int+3}
   (You found it on level 9 of the Dungeon)

   It inflicts extra damage upon your enemies.
   It affects your intelligence (+3).
   It protects you from cold.
Missiles
 E - 19 bolts
Armour
 c - a +0 shield (worn)
 j - a +1 helmet (worn)
 I - a +0 plate armour (worn)
Jewellery
 q - a ring of protection from fire (left hand)
 s - the ring of Rocien (right hand) {MP+9 Int+2}
   (You found it on level 4 of the Dungeon)

   [ring of magical power]

   It affects your intelligence (+2).
   It affects your magic capacity (+9).
Wands
 v - a wand of digging (21/24)
 G - a wand of acid (10/15)
Scrolls
 b - 5 scrolls of teleportation
 e - 7 scrolls of remove curse
 h - a scroll of magic mapping {unknown}
 i - a scroll of summoning {unknown}
 p - a scroll of enchant weapon
 u - 2 scrolls of random uselessness {unknown}
 x - 2 scrolls of immolation {unknown}
 y - 2 scrolls of amnesia {unknown}
 A - 2 scrolls of recharging {unknown}
Potions
 d - 2 potions of might
 l - a potion of flight
 m - 2 potions of mutation
 n - a potion of magic
 t - a potion of brilliance
 D - a potion of invisibility
Books
 C - a book of Conjurations

   Spells                             Type                      Level
   a - Magic Dart                     Conjuration                  1
   b - Searing Ray                    Conjuration                  2
   c - Dazzling Spray                 Conjuration/Hexes            3
   d - Fulminant Prism                Conjuration/Hexes            4
   e - Force Lance                    Conjuration/Translocation    4
   f - Iskenderun's Mystic Blast      Conjuration                  4
 J - a book of Air

   Spells                             Type                      Level
   a - Shock                          Conjuration/Air              1
   b - Swiftness                      Charms/Air                   2
   c - Static Discharge               Conjuration/Air              3
   d - Airstrike                      Air                          4
   e - Lightning Bolt                 Conjuration/Air              5
Miscellaneous
 g - a lightning rod (4/4)
Comestibles
 f - 8 bread rations
 w - 6 royal jellies
 z - 3 fruits
 H - 4 meat rations


   Skills:
 * Level 8.8 Fighting
 * Level 11.7(12.0) Axes
 + Level 4.9(9.6) Maces & Flails
 * Level 8.8 Armour
 + Level 1.7 Dodging
 + Level 7.4 Shields


You had 10 spell levels left.
You didn't know any spells.

Dungeon Overview and Level Annotations

Branches:
Dungeon (11/15)            Temple (1/1) D:7
   Lair: D:8-11         Orc: D:9-12

Altars:
Ashenzari
Dithmenos
Elyvilon
Fedhas
Makhleb
Nemelex Xobeh
Okawaru
Qazlal
Sif Muna
Trog
Uskayaw
Vehumet
Xom
Yredelemnul
The Shining One

Shops:
D:5 }   D:7 *

Annotations:
D:10 Harold, Psyche


Innate Abilities, Weirdness & Mutations

You are resistant to torment.
Your stone body is resilient. (AC +7)
You are immune to poison.
You resist negative energy. (rN+)
You are resistant to electric shocks. (rElec)
You can survive without breathing.
You are immune to petrification.
You are immune to rotting.


Message History

You start resting.
You feel yourself slow down.
You start resting.
You see here a scorpion corpse.
You start resting.
You are struck by the porcupine's spines.
* * * LOW HITPOINT WARNING * * *
You barely miss the porcupine.
The porcupine bites you but does no damage.
Your shield and plate armour prevent you from hitting the porcupine.
You block the porcupine's attack.
You hit the porcupine.
The porcupine is moderately wounded.
You block the porcupine's attack.
You are struck by the porcupine's spines.
* * * LOW HITPOINT WARNING * * *
You hit the porcupine.
The porcupine is heavily wounded.
The porcupine bites you.
You die...

#### ############
.#####..###..........#
.........##..........# #
..........r@.........# #
.........##..........#
##..........>.######.######
..............# #@#
..............######.#
.........r.........[.#
..............#####..#
.....=........## ##..###
...............###.....#


You could see a porcupine.

Vanquished Creatures
  A hydra (D:9)
  4 two-headed ogres
  The ghost of Redshirtsky the Ruffian, a novice DrTm of Dithmenos (D:6)
  Joseph (D:9)
  Grinder (D:6)
  16 yaks
  A human (D:7)
  3 hogs (D:7)
  Edmund (D:6)
  A steam dragon (D:4)
  A phantom (D:8)
  2 orc warriors
  2 ice beasts
  2 sky beasts
  3 black bears
  A necrophage (D:6)
  7 ogres
  2 centaurs
  2 crocodiles
  5 bullfrogs
  A gnoll sergeant (D:8)
  A wyvern zombie (D:8)
  A water moccasin skeleton (D:6)
  2 scorpions
  5 killer bees (D:10)
  6 wights
  3 crimson imps (D:8)
  3 bullfrog skeletons
  A hound (D:6)
  5 orc priests
  15 orc wizards
  2 bullfrog zombies
  A centaur skeleton (D:6)
  4 iguanas
  4 worker ants
  A hound skeleton (D:5)
  8 gnolls (D:8)
  15 adders
  3 shadow imps
  An ooze (D:7)
  An adder skeleton (D:5)
  6 worms
  A dart slug (D:3)
  6 leopard geckos
  41 orcs
  A ball python (D:4)
  5 giant cockroaches
  10 goblins
  9 hobgoblins
  3 jackals
  6 kobolds
  6 quokkas
  6 bats
  7 frilled lizards
  4 rats
251 creatures vanquished.

Vanquished Creatures (others)
  An ice beast (D:5)
  2 fungi (D:10)
3 creatures vanquished.

Grand Total: 254 creatures vanquished

Notes
Turn   | Place    | Note
-------+----------+-------------------------------------------
     0 | D:1      | robertstho the Gargoyle Fighter began the quest for the Orb.
     0 | D:1      | Reached XP level 1. HP: 14/14 MP: 1/1
   194 | D:1      | Reached XP level 2. HP: 16/19 MP: 2/2
   707 | D:2      | Reached skill level 2 in Axes
   707 | D:2      | Reached XP level 3. HP: 18/24 MP: 3/3
   921 | D:2      | Reached XP level 4. HP: 18/29 MP: 4/4
  1289 | D:2      | Reached skill level 3 in Axes
  1474 | D:3      | Reached XP level 5. HP: 25/33 MP: 5/5
  1569 | D:3      | Reached skill level 4 in Axes
  1792 | D:3      | Reached XP level 6. HP: 37/38 MP: 6/6
  2220 | D:4      | Got a brightly glowing granite ring
  2385 | D:4      | Reached XP level 7. HP: 29/44 MP: 7/7
  2601 | D:4      | Reached skill level 5 in Axes
  2691 | D:4      | Identified the ring of Rocien {MP+9 Int+2} (You found it on level 4 of the Dungeon)
  2777 | D:4      | Noticed a steam dragon
  2791 | D:4      | Killed a steam dragon
  2822 | D:5      | Entered Level 5 of the Dungeon
  3060 | D:5      | Reached skill level 6 in Axes
  3074 | D:5      | Reached XP level 8. HP: 48/48 MP: 8/8
  3149 | D:5      | Reached skill level 5 in Armour
  3240 | D:5      | Reached skill level 5 in Fighting
  3336 | D:5      | Found Naleogiado's Gadget Emporium.
  3956 | D:6      | Reached skill level 7 in Axes
  4029 | D:6      | Noticed Edmund
  4049 | D:6      | Killed Edmund
  4049 | D:6      | Reached skill level 5 in Shields
  4057 | D:6      | Found a bloodstained altar of Trog.
  4085 | D:6      | Reached skill level 1 in Dodging
  4091 | D:6      | Reached XP level 9. HP: 26/55 MP: 9/9
  4438 | D:6      | Noticed Grinder
  4445 | D:6      | Reached skill level 8 in Axes
  4463 | D:6      | Killed Grinder
  4695 | D:6      | Noticed Redshirtsky's ghost (novice DrTm)
  4721 | D:6      | Killed Redshirtsky's ghost
  4840 | D:6      | Reached skill level 9 in Axes
  5252 | D:7      | Found a staircase to the Ecumenical Temple.
  5272 | Temple   | Entered the Ecumenical Temple
  5296 | Temple   | Became a worshipper of the Shining One
  5411 | D:7      | Reached XP level 10. HP: 42/61 MP: 10/10
  5735 | D:7      | Found Pugg's Practical Paraphernalia.
  5761 | D:7      | Reached skill level 10 in Axes
  6008 | D:8      | Noticed a two-headed ogre
  6026 | D:8      | Killed a two-headed ogre
  6055 | D:8      | Reached * piety under the Shining One
  6687 | D:9      | Noticed a two-headed ogre
  6700 | D:9      | Killed a two-headed ogre
  6700 | D:9      | Reached skill level 11 in Axes
  6952 | D:9      | Reached XP level 11. HP: 20/68 MP: 11/11
  7033 | D:9      | Noticed Joseph
  7044 | D:9      | Killed Joseph
  7141 | D:9      | Got a jewelled mace
  7142 | D:9      | Identified the +7 mace "Forasm" {crush, rC+ Int+3} (You found it on level 9 of the Dungeon)
  7277 | D:9      | Noticed a two-headed ogre
  7285 | D:9      | Killed a two-headed ogre
  7285 | D:9      | Reached skill level 1 in Maces & Flails
  7438 | D:9      | Reached ** piety under the Shining One
  7665 | D:9      | Noticed a four-headed hydra
  7678 | D:9      | Killed a four-headed hydra
  7842 | D:9      | Noticed a two-headed ogre
  8277 | D:9      | Killed a two-headed ogre
  8493 | D:10     | Entered Level 10 of the Dungeon
  8543 | D:10     | Noticed Psyche
  8552 | D:10     | HP: 3/69 [Psyche/dagger of distortion (7)]
  8553 | D:10     | Noticed Harold
  8576 | D:10     | The Shining One protects you from harm!
  8608 | D:10     | Noticed an unseen horror
  8618 | D:11     | Noticed a red ugly thing
  8693 | D:10     | HP: 2/69 [porcupine's spines (11)]
  8693 | D:10     | Slain by a porcupine

Skill      XL: |  1  2  3  4  5  6  7  8  9 10 11 |
---------------+----------------------------------+-----
Axes           | 2 3 4 6 7 9 11 | 11.7
Fighting       | 4 5 6 8 |  8.8
Shields        | 4 5 6 7 |  7.4
Armour         | 4 5 6 7 8 |  8.8
Dodging        | 1 |  1.7
Maces & Flails | 4 |  4.9

Action                   |  1- 3 |  4- 6 |  7- 9 | 10-12 || total
-------------------------+-------+-------+-------+-------++-------
Melee: War axe           |   117 |   199 |   354 |   177 ||   847
       Mace              |       |       |       |   185 ||   185
Invok: Divine Shield     |       |       |       |     1 ||     1
  Use: Scroll            |     1 |     4 |     5 |     6 ||    16
       Potion            |       |       |     1 |     9 ||    10
  Eat: Chunk             |       |     6 |     7 |    11 ||    24
       Royal jelly       |       |       |     1 |       ||     1
Armor: Scale mail        |    11 |       |       |       ||    11
       Chain mail        |    65 |   120 |   202 |    82 ||   469
       Plate armour      |       |       |       |   166 ||   166
Dodge: Dodged            |    28 |    38 |    86 |    90 ||   242
Block: Shield            |    64 |   117 |   165 |   210 ||   556
